 Dungeon Crawl Stone Soup version 0.31.0-11-ge490571c62 (webtiles) character file.

Game seed: 11012557307832596835

8 Curundu the Caller (level 2, 24/24 HPs)
             Began as a Troll Summoner on Jan 29, 2024.
             Quit the game on level 1 of the Dungeon.
             The game lasted 00:01:16 (129 turns).

Curundu the Caller (Troll Summoner)                  Turns: 129, Time: 00:01:16

Health: 24/24      AC:  4    Str: 15    XL:     2   Next: 0%
Magic:  2/2        EV:  9    Int: 11    God:
Gold:   6          SH:  0    Dex: 10    Spells: 2/3 levels left

rFire   . . .        (no weapon)
rCold   . . .        (no shield)
rNeg    . . .        a - +0 robe
rPois   .            (helmet restricted)
rElec   .            (no cloak)
rCorr   .            (gloves unavailable)
SInv    .            (boots unavailable)
Will    .....        (no amulet)
Stlth   +            (no ring)
HPRegen 1.04/turn    (no ring)
MPRegen 0.08/turn

%: no passive effects
@: no status effects
A: large, unfitting armour, claws 3, regeneration 1, shaggy fur 1, tough skin 1
a: no special abilities


You were on level 1 of the Dungeon.
You visited 1 branch of the dungeon, and saw 1 of its levels.

You collected 6 gold pieces.

Inventory:

Armour
 a - a +0 robe (worn)
Potions
 b - a potion of magic
 c - 2 potions of curing {unknown}


   Skills:
 + Level 1.6 Dodging
 + Level 1.0 Stealth
 + Level 1.3 Spellcasting
 + Level 3.2 Summonings


You had 2 spell levels left.
You knew the following spells:

 Your Spells              Type           Power      Damage    Failure   Level
a - Summon Small Mammal   Summ           28%        N/A       9%          1

Your spell library contained the following spells:

 Spells                   Type           Power      Damage    Failure   Level
 Call Imp                 Summ           14%        N/A       13%         2
 Call Canine Familiar     Summ           7%         N/A       26%         3
 Summon Blazeheart Golem  Fire/Summ      4%         N/A       85%         4
 Summon Lightning Spire   Summ/Air       4%         N/A       85%         4


Dungeon Overview and Level Annotations

Branches:
Dungeon (1/15)

Altars:


Innate Abilities, Weirdness & Mutations

You are too large for most types of armour.
You have claws for hands.
Your natural rate of healing is unusually fast.
You are covered in fur. (AC +1)
You have tough skin. (AC +1)


Message History

The jackal bites you but does no damage.
You scratch the jackal.
You kill the jackal!
You see here a jackal corpse.
c - 2 pink potions You now have 6 gold pieces.
Found a stone staircase leading down.
There is a stone staircase leading down here.
A bat comes into view.
The bat barely misses you.
You scratch the bat.
You kill the bat!
A hobgoblin and a ball python come into view.
The hobgoblin moves out of view.
A goblin comes into view. It is wielding a +0 club.
The ball python hisses angrily.
You closely miss the hobgoblin. The hobgoblin hits you.
You barely miss the hobgoblin.
The hobgoblin hits you but does no damage.
You scratch the hobgoblin.
You kill the hobgoblin!
The goblin shouts!
You closely miss the ball python.
The ball python bites you but does no damage.
The ball python barely misses you.
You scratch the ball python.
The ball python is severely wounded.
The ball python bites you. The goblin closely misses you.
You barely miss the ball python.
The ball python is severely wounded.
The ball python closely misses you. The goblin hits you but does no damage.
You scratch the ball python.
You kill the ball python!
The goblin closely misses you.
You barely miss the goblin. The goblin hits you with a +0 club.
You barely miss the goblin. The goblin hits you but does no damage.
You claw the goblin!
You kill the goblin!
You have reached level 2!
Are you sure you want to abandon this character and quit the game? (Confirm with "yes".)

... # #.# # #. #.###
###.#.###...
..........# .
.........# ..#
...#.##.#)##....#
.........@†.....# #.
#.##.##.#.#...#..
#...#.##.##.#.......#
#...#.......###..####
#...####.#### ..#
#...# #.# .#
####...####.### .#
..............# #
..............#


There were no monsters in sight!

Vanquished Creatures
  A goblin (D:1)
  A hobgoblin (D:1)
  3 jackals (D:1)
  A ball python (D:1)
  A bat (D:1)
7 creatures vanquished.

Notes
Turn   | Place    | Note
-------+----------+-------------------------------------------
     0 | D:1      | Curundu the Troll Summoner began the quest for the Orb.
     0 | D:1      | Reached XP level 1. HP: 16/16 MP: 1/1
    10 | D:1      | Reached skill level 3 in Summonings
   129 | D:1      | Reached XP level 2. HP: 24/24 MP: 2/2
   129 | D:1      | Quit the game

Illustrated notes

Levels and vault maps discovered:
D:1:      ldierk_walled_garden_2, layout_loops_cross, minmay_ruptured

Skill      XL: |  1 |
---------------+----+-----
Summonings     | 3 |  3.2
Dodging        | |  1.6
Stealth        | |  1.0
Spellcasting   | |  1.3

Action                     || total
---------------------------++-------
  Melee: Unarmed           ||    20
         Punch             ||     1
 Armour: Robe              ||    14
  Dodge: Dodged            ||    17
